 Dungeon Crawl Stone Soup version 0.31-a0-750-gfe7b580527 (webtiles) character file.

Game seed: 17997209957401167637

3106915 yegreS the Sensei (level 27, 348/348 HPs)
             Began as a Meteoran Shapeshifter on Sept 14, 2023.
             Was the Champion of Hepliaklqana.
             Escaped with the Orb
             ... and 3 runes on Sept 15, 2023!
             The game lasted 03:44:26 (24186 turns).

yegreS the Sensei (Meteoran Shapeshifter)          Turns: 24186, Time: 03:44:27

Health: 348/348    AC: 16    Str: 28    XL:     27
Magic:  34/38      EV: 29    Int: 15    God:    Hepliaklqana [******]
Gold:   1358       SH:  0    Dex: 31    Spells: 15/46 levels left

rFire   + .          .
                       - Unarmed
rCold   . . .        H - melded +1 buckler {AC+3}
rNeg    . . .        G - melded +2 robe {Will+}
rPois   +            I - melded +2 helmet
rElec   +            f - melded +2 cloak
rCorr   .            t - melded +0 pair of gloves
SInv    .            D - melded +0 pair of boots
Will    ++++.        V - amulet of the acrobat
Stlth   +            E - ring of Devotion {EV+5 Dex+6}
HPRegen 0.78/turn    L - ring "Vocaag" {Ice rElec Will+ Slay+2}
MPRegen 0.26/turn

%: acrobat
@: dragon-form, flying, very slightly contaminated, glowing, studying 2 skills
A: dragon claw, dragon scales, breathe fire, flying, boosted hp, reduced
essence, giant, sense surroundings 3, otherworldly, glowing, explore regen
0: Orb of Zot
}: 3/15 runes: decaying, serpentine, silver
a: Breathe Fire, Begin Untransformation, Renounce Religion, Recall Ancestor,
Ancestor Identity, Transference, Idealise


You escaped.
You worshipped Hepliaklqana.
Hepliaklqana was exalted by your worship.
You were a fearsome dragon!
You visited 11 branches of the dungeon, and saw 51 of its levels.
You also visited: Ice Cave, Volcano and Wizlab.

You collected 7261 gold pieces.
You spent 5903 gold pieces at shops.

Inventory:

Missiles
 x - a throwing net {=F}
Armour
 f - a +2 cloak (melded)
 t - a +0 pair of gloves (melded)
 y - the +2 pair of gloves of the Mashing Gods {*Corrode Str+3 Stlth+}
   (You took it off Nikola on level 2 of the Swamp)

   Str+3:     It affects your strength (+3).
   *Corrode:  It may corrode you when you take damage.
   Stlth+:    It makes you more stealthy.
 D - a +0 pair of boots (melded)
 G - a +2 robe of willpower (melded)
 H - a +1 buckler of protection (melded)
 I - a +2 helmet (melded)
Jewellery
 b - the amulet "Eklekkon" {RegenMP rCorr Stlth+}
   (You found it on level 2 of the Swamp)

   [amulet of magic regeneration]

   RegenMP:   It increases your rate of magic regeneration.
   rCorr:     It protects you from acid and corrosion.
   Stlth+:    It makes you more stealthy.
 q - the ring of Internal Strife {Dex+6 SInv}
   (You took it off a deep elf death mage on level 3 of the Crypt)

   [ring of dexterity]

   Dex+6:     It affects your dexterity (+6).
   SInv:      It lets you see invisible.
 r - the ring of the Platytaur {rN+ MP+9 Str-2 Int+9 Slay+2}
   (You took it off a gnoll on level 8 of the Dungeon)

   [ring of magical power]

   Str-2:     It affects your strength (-2).
   Int+9:     It affects your intelligence (+9).
   Slay+2:    It affects your accuracy & damage with ranged weapons and melee
   (+2).
   rN+:       It protects you from negative energy.
   MP+9:      It affects your magic capacity (+9).
 w - a ring of protection from cold
 E - the ring of Devotion (left foreclaw) {EV+5 Dex+6}
   (You bought it in a shop on level 2 of the Orcish Mines)

   [ring of evasion]

   EV+5:      It affects your evasion (+5).
   Dex+6:     It affects your dexterity (+6).
 J - a ring of resist corrosion
 L - the ring "Vocaag" (right foreclaw) {Ice rElec Will+ Slay+2}
   (You found it on level 2 of the Snake Pit)

   [ring of ice]

   Ice:       It enhances your ice magic.
   Slay+2:    It affects your accuracy & damage with ranged weapons and melee
   (+2).
   rF-:       It makes you vulnerable to fire.
   rC+:       It protects you from cold.
   rElec:     It insulates you from electricity.
   Will+:     It increases your willpower.
 T - a +4 ring of protection
 V - an amulet of the acrobat (around neck)
 Y - a ring of protection from fire
 Z - a ring of willpower
Talismans
 N - a storm talisman
 O - a granite talisman
 W - a dragon-blood talisman (active)
 X - a talisman of death
Wands
 d - a wand of charming (28)
 i - a wand of iceblast (38)
 n - a wand of mindburst (27)
 v - a wand of digging (7)
 z - a wand of light (23)
Scrolls
 c - 2 scrolls of blinking {@r4}
 h - 3 scrolls of silence
 j - 8 scrolls of teleportation {@r3}
 k - 4 scrolls of fog {@r2}
 o - 4 scrolls of enchant armour
 P - 5 scrolls of fear
 R - 3 scrolls of immolation
 U - 2 scrolls of vulnerability
Potions
 a - 4 potions of resistance
 e - 3 potions of magic
 g - 4 potions of enlightenment
 l - 2 potions of haste {@q5}
 p - 4 potions of lignification
 s - 2 potions of ambrosia
 u - 3 potions of brilliance
 A - 13 potions of curing {@q2}
 C - 5 potions of mutation
 K - 10 potions of heal wounds {@q1}
 M - a potion of might {@q3}
 Q - a potion of cancellation
Miscellaneous
 B - a tin of tremorstones (2/2)
 F - a phantom mirror (inert)


   Skills:
 + Level 23.3 Fighting
 - Level 2.0 Short Blades
 - Level 4.1 Armour
 + Level 17.1 Dodging
 - Level 1.0 Stealth
 - Level 6.0 Shields
 + Level 23.5 Unarmed Combat
 - Level 10.0 Spellcasting
 - Level 12.0 Necromancy
 - Level 10.0 Translocations
 - Level 4.0 Air Magic
 - Level 8.0 Earth Magic
 - Level 14.0 Invocations
 + Level 18.4 Evocations
 - Level 23.0 Shapeshifting


You had 15 spell levels left.
You knew the following spells:

 Your Spells              Type           Power      Damage    Failure   Level
a - Borgnjor's Vile Clut  Necr/Erth      18%        N/A       4%          5
b - Dispel Undead         Necr           43%        3d17      1%          4
d - Vhi's Electric Charg  Tloc/Air       56%        N/A       5%          4
g - Sublimation of Blood  Necr           43%        N/A       1%          2
i - Animate Dead          Necr           43%        N/A       1%          4
p - Manifold Assault      Tloc           37%        N/A       1%          4
q - Death Channel         Necr           21%        N/A       11%         6
x - Wereblood             Tmut           7%         N/A       14%         2

Your spell library contained the following spells:

 Spells                   Type           Power      Damage    Failure   Level
 Kiss of Death            Conj/Necr      100%       2d13      1%          1
 Cigotuvi's Dreadful Rot  Necr/Pois/Air  46%        N/A       1%          2
 Volatile Blastmotes      Fire/Tloc      44%        2d13      3%          3
 Stone Arrow              Conj/Erth      38%        3d9       5%          3
 Poisonous Vapours        Pois/Air       26%        N/A       6%          2
 Foxfire                  Conj/Fire      28%        2x1d5     10%         1
 Magic Dart               Conj           28%        1d4       10%         1
 Sting                    Tmut/Pois      28%        1d4       10%         1
 Summon Small Mammal      Summ           28%        N/A       10%         1
 Iskenderun's Mystic Bla  Conj/Tloc      22%        2d6       12%         4
 Call Imp                 Summ           14%        N/A       14%         2
 Scorch                   Fire           14%        2d5       14%         2
 Mephitic Cloud           Conj/Pois/Air  11%        N/A       17%         3
 Animate Armour           Summ/Erth      38%        N/A       19%         4
 Petrify                  Tmut/Erth      19%        N/A       19%         4
 Dispersal                Tloc           18%        N/A       24%         6
 Call Canine Familiar     Summ           7%         N/A       28%         3
 Confusing Touch          Hex            7%         N/A       28%         3
 Dazzling Flash           Conj/Hex       14%        N/A       28%         3
 Ignite Poison            Fire/Tmut/Pois 7%         N/A       28%         3
 Summon Guardian Golem    Hex/Summ       7%         N/A       28%         3
 Summon Forest            Summ/Tloc      11%        N/A       34%         5
 Flame Wave               Conj/Fire      7%         2d5       67%         4
 Fulminant Prism          Conj/Hex       3%         3d5       67%         4
 Olgreb's Toxic Radiance  Pois           7%         N/A       67%         4
 Sticky Flame             Conj/Fire      7%         2d3       67%         4
 Summon Ice Beast         Ice/Summ       11%        N/A       67%         4
 Arcjolt                  Conj/Air       6%         1d16      75%         5
 Freezing Cloud           Conj/Ice/Air   8%         6-21      85%         5
 Irradiate                Conj/Tmut      3%         3d12      95%         5
 Plasma Beam              Fire/Air       6%         2x1d17    100%        6
 Starburst                Conj/Fire      3%         6d3       100%        6
 Summon Cactus Giant      Summ           3%         N/A       100%        6
 Malign Gateway           Summ/Tloc      11%        N/A       100%        7
 Orb of Destruction       Conj           3%         9d5       100%        7
 Ozocubu's Refrigeration  Ice            5%         4d8       100%        7
 Spellforged Servitor     Conj/Summ      3%         N/A       100%        7
 Summon Hydra             Summ           3%         N/A       100%        7
 Discord                  Hex            3%         N/A       100%        8
 Disjunction              Tloc           18%        N/A       100%        8
 Ignition                 Fire           3%         3d4       100%        8
 Lehudib's Crystal Spear  Conj/Erth      9%         10d4      100%        8
 Maxwell's Capacitive Co  Air            9%         ∞         100%        8
 Summon Horrible Things   Summ           3%         N/A       100%        8
 Chain Lightning          Conj/Air       6%         3d8       100%        9
 Fire Storm               Conj/Fire      3%         8d1       100%        9
 Shatter                  Erth           15%        3d15*     100%        9


Dungeon Overview and Level Annotations

Branches:
Dungeon (15/15)            Temple (1/1) D:4            Lair (5/5) D:8
  Swamp (4/4) Lair:3        Snake (4/4) Lair:2        Slime (0/5) Lair:5
    Orc (2/2) D:9             Elf (3/3) Orc:2        Vaults (5/5) D:14
  Crypt (3/3) Vaults:2       Tomb (0/3) Crypt:3      Depths (4/4) D:15
    Zot (5/5) Depths:4      IceCv (visited)         Volcano (visited)
 WizLab (visited)

Altars:
Ashenzari
Dithmenos
Elyvilon
Fedhas
Gozag
Hepliaklqana
Kikubaaqudgha
Makhleb
Nemelex Xobeh
Okawaru
Qazlal
Ru
Sif Muna
Uskayaw
Vehumet
Wu Jian
Xom
Yredelemnul
Zin
The Shining One
Lugonu

Shops:
D:15 !   Orc:2 *(*=   Elf:1 *   Elf:2 ==:   Elf:3 (?   Snake:3 [   Snake:4 =***

Portals:
Hell: Depths:1 Depths:2 Depths:4
Abyss: Lair:5 Depths:1 Depths:4
Ziggurat: Depths:4
Trove: D:15 (give +6 demon whip)

Annotations:
D:2 Terence
D:5 exclusion: downstairs, Eustachio
D:6 exclusion: downstairs
D:7 3 runed translucent doors, exclusion: downstairs, WhatIsLove's ghost, novice DrMo
D:9 1 runed translucent door, exclusion: downstairs, bmj180's ghost, journeyman HuCj
Lair:1 6 exclusions
Lair:5 1 transporter, dohliylev's ghost, journeyman MiBe
Snake:1 exclusion: downstairs
Orc:2 exclusion: upstairs
Elf:3 3 runed translucent doors
Depths:1 1 runed translucent door
Depths:4 3 runed translucent doors, exclusion: quasit, Acveupuk's ghost, journeyman HOMo; Gaexku's ghost, veteran DrSh; Pojesatusi's ghost, adept HOMo
Zot:3 1 transporter
Zot:5 exclusion: upstairs


Innate Abilities, Weirdness & Mutations

You are a fearsome dragon!
You have a powerful clawing attack.
Your giant scaled body is strong and resilient, but less evasive.
You can breathe fire.
You are flying.
Your maximum health is greatly increased.
Your armour is entirely melded.
You are incapable of wielding weapons or throwing items.
Your life essence is reduced to manifest your ancestor. (-10% HP)
You passively map a large area around you.
You are easily found by Zot.
You glow in the dark.
You regain HP and MP as you explore.


Message History

You hit the red devil. You claw the red devil!!
You kill the red devil!
No target in view!
No target in view!
No target in view!
An ancient lich and a sun demon come into view.
Aiming: Dig
Press: ? - help, Shift-Dir - straight line You can't see that place. [a stone staircase leading up.]
The rock shatters into small pieces.
Blink to where?
Press: ? - help, Dir - move target
As you read the scroll of blinking {@r4}, it crumbles to dust.
You fly upwards.
An ice devil comes into view.
There is a stone staircase leading down here.
You maul the ice devil!!!
You kill the ice devil!
No target in view!
No target in view!
A reaper comes into view. It is wielding a +4 scythe of flaming.
Blink to where?
Press: ? - help, Dir - move target A bat comes into view.
As you read the scroll of blinking {@r4}, it crumbles to dust.
The bat completely misses you.
Unknown command.
Casting: Manifold Assault (mildly dangerous; 1% risk of failure)
Press: ? - help, Q - select action, (/) - cycle Dir - look around, f - activate You miscast Manifold Assault.
You are very lightly contaminated with residual magic.
Nothing appears to happen.
The bat completely misses you.
You maul the bat!!!!
You kill the bat!
Unknown command.
Unknown command.
Unknown command.
You have escaped!

#.# #............##.# #.
###.##### #............##.#
#8
........#########.########.#
#.
#.##.##.##P.............P#.#
##.
#.......##~P...........P≈#.#
##P.
.....#####≈~P.........P~~#.#*
*#P_P .....###
#≈≈~P.......P~≈≈#.#, #..#
..##...# #≈≈≈~P.....P~≈≈≈#*
,#.## ######.#
#≈≈≈~~P.D.P~≈≈≈≈# * .. #.#
#≈≈≈≈P..†..P~≈≈≈# * ##8 #.#
#≈~~P$......P~~≈# , .P* #..
#≈~P.........P~≈# #+ ###
#≈P...........P~# ,
#P.............P#
..........##.... * **
#########.. .## , , *#.. ..
,*


There were no monsters in sight!

Vanquished Creatures
  3 orbs of fire (Zot:5)
  A dread lich (Vaults:5)
  4 ancient liches
  the Lernaean hydra (Swamp:4)
  Vashnia (Snake:2)
  5 Killer Klowns (Zot:5)
  Nikola (Swamp:2)
  A profane servitor (Crypt:3)
  5 golden dragons
  An electric golem (Zot:4)
  Asterion (Vaults:2)
  An Ice Fiend (IceCv)
  6 tentacled monstrosities
  19 Orb Guardians
  A deep elf master archer (Elf:3)
  A deep elf blademaster (Elf:3)
  3 quicksilver dragons
  5 titans (Vaults:5)
  A sphinx (Vaults:5)
  3 death cobs
  An ancient champion (Crypt:3)
  2 shadow dragons
  Aizul (Snake:4)
  3 revenants
  5 storm dragons
  5 nagarajas (Snake:4)
  2 tengu reavers
  A draconian monk (Zot:1)
  A fenstrider witch (Swamp:2)
  5 fire giants
  5 deep elf sorcerers
  An iron dragon (Vaults:5)
  4 frost giants
  A balrug (Depths:4)
  A caustic shrike zombie (WizLab)
  3 draconian stormcallers
  A ghost moth (Zot:5)
  5 deep elf elementalists
  10 vault wardens
  An angel (D:13)
  3 draconian shifters
  A spectral caustic shrike (Depths:2)
  3 war gargoyles
  A reaper (Zot:4)
  A ghoul (Crypt:3)
  4 draconian annihilators
  15 ironbound preservers
  9 very ugly things
  6 stone giants
  2 vampire knights
  3 green draconians
  5 deep elf demonologists (Elf:3)
  2 ironbound thunderhulks (Vaults:1)
  7 black draconians
  7 purple draconians
  4 white draconians
  3 deep elf annihilators (Elf:3)
  A dire elephant (D:15)
  A red draconian (Zot:1)
  A spark wasp (shapeshifter) (Vaults:5)
  7 yellow draconians
  A spark wasp (Depths:2)
  An eidolon (WizLab)
  A crystal guardian (Vaults:2)
  A blizzard demon (Depths:4)
  Josephine (Orc:1)
  11 deep elf death magi
  5 ettins
  An entropy weaver (Vaults:1)
  9 jiangshi
  4 fire dragons
  3 great orbs of eyes
  6 yaktaur captains
  Erolcha (D:11)
  28 vault guards
  A quicksilver dragon zombie (WizLab)
  8 deep elf high priests
  5 hydras
  3 caustic shrike simulacra (IceCv)
  3 peacekeepers
  2 rakshasas
  A salamander tyrant (Snake:4)
  A hell beast (Zot:3)
  A ghost crab (Swamp:1)
  A boulder beetle (shapeshifter) (Vaults:5)
  17 centaur warriors
  A radroach (shapeshifter) (Vaults:5)
  2 spriggan air magi
  10 alligators
  2 boulder beetles
  6 ironbound frosthearts
  13 anacondas
  7 two-headed ogres
  9 dancing weapons
  13 naga warriors (Snake:4)
  4 death knights
  2 deep troll earth magi (Depths:2)
  A tengu warrior (Depths:1)
  2 deep troll shamans (Depths:2)
  9 naga sharpshooters
  4 vampire magi
  8 hell knights
  5 orc high priests
  6 deep elf knights
  A shock serpent (Snake:2)
  A soul eater (D:12)
  A storm dragon zombie (Vaults:4)
  18 skeletal warriors
  A sun demon (D:5)
  5 goliath frogs
  3 shadow wraiths
  A spark wasp zombie (WizLab)
  Lodul (D:14)
  A skyshark (Lair:2)
  6 spriggan druids
  4 iron trolls (Depths:2)
  A glowing orange brain (Snake:4)
  21 deep trolls
  3 bog bodies
  A spriggan rider (Swamp:2)
  2 obsidian statues
  3 naga ritualists
  3 spriggan simulacra (IceCv)
  An iron giant zombie (Crypt:3)
  5 sea snakes (Snake:2)
  An anaconda skeleton (Snake:2)
  7 deep elf archers
  5 lindwurms
  6 swamp dragons
  3 flayed ghosts
  4 wizards
  Pikel (D:6)
  17 deep elf zephyrmancers
  7 ironbound convokers
  10 harpies
  8 phantasmal warriors
  3 necromancers
  3 orc knights
  3 will-o-the-wisps
  2 orc sorcerers
  20 deep elf pyromancers
  A mana viper (Snake:3)
  18 ugly things
  3 spectral spriggans
  3 manticores
  8 salamanders
  8 vault sentinels
  4 moths of wrath
  An elephant (Lair:3)
  A cyclops (D:10)
  3 guardian serpents
  A fire giant skeleton (Depths:1)
  A rust devil (D:9)
  2 cane toads
  15 black mambas
  10 naga magi
  A molten gargoyle (Volcano)
  3 spectral sea snakes (Snake:2)
  4 gargoyles
  An orange demon (D:14)
  2 elf zombies (Elf:3)
  2 komodo dragons (Lair:5)
  2 efreet
  A rime drake (Lair:5)
  3 freezing wraiths
  An anaconda simulacrum (Snake:2)
  11 yaktaurs
  2 spectral nagas (Snake:2)
  2 tengu conjurers
  A pale draconian skeleton (Crypt:1)
  7 ice devils
  2 red devils
  A golden dragon simulacrum (IceCv)
  2 meliai (D:14)
  6 tyrant leeches
  A wind drake (shapeshifter) (Elf:3)
  A polar bear (Depths:3)
  4 spectral guardian serpents (Snake:2)
  3 trolls
  Grinder (D:5)
  A bloated husk (Swamp:3)
  7 hornets
  6 blink frogs
  A harpy skeleton (Crypt:3)
  A spriggan zombie (WizLab)
  27 flying skulls
  A jumping spider (shapeshifter) (Elf:1)
  9 slime creatures
  3 shadows (Crypt:3)
  A wyvern (D:8)
  A ynoxinul (Depths:3)
  6 wraiths
  A guardian serpent skeleton (Snake:2)
  6 water elementals
  3 fire elementals
  5 spriggans
  34 yaks
  2 redbacks (Vaults:1)
  6 basilisks
  12 humans (D:14)
  A vampire mosquito (D:13)
  2 steam dragons
  3 minotaur simulacra (IceCv)
  A harpy simulacrum (IceCv)
  A warg (Vaults:5)
  32 nagas
  12 swamp worms
  2 acid dragons (D:12)
  6 water moccasins
  8 orc warriors
  A swamp drake (shapeshifter) (Vaults:5)
  2 swamp drakes (Swamp:4)
  2 ettin simulacra (IceCv)
  4 boggarts (Vaults:3)
  8 ogres
  3 black bears (D:8)
  5 centaurs
  4 wolves
  2 kobold brigands (Depths:4)
  3 bullfrogs
  2 human zombies (Vaults:4)
  A phantom (D:5)
  An earth elemental (Elf:3)
  2 gnoll sergeants (D:8)
  2 scorpions
  3 small abominations (Crypt:3)
  4 deep troll simulacra (IceCv)
  3 naga simulacra (Snake:2)
  3 necrophages (Crypt:3)
  A wight (D:9)
  A lindwurm simulacrum (IceCv)
  10 killer bees
  4 howler monkeys
  3 electric eels (Lair:3)
  2 lava snakes (Lair:2)
  17 orc priests
  3 hounds (D:6)
  A jelly (D:7)
  8 orc wizards
  An iguana (D:5)
  A black bear skeleton (Crypt:1)
  3 hell rats (Lair:4)
  A killer bee zombie (Crypt:2)
  2 naga skeletons (Snake:2)
  6 gnolls
  4 adders
  A worm (D:2)
  29 orcs
  3 ball pythons
  8 bats
  3 endoplasms
  2 giant cockroaches (D:2)
  4 goblins
  2 hobgoblins
  2 jackals (D:2)
  2 quokkas (D:2)
  3 frilled lizards
  A gnoll zombie (Crypt:1)
  8 kobolds
  3 rats
1149 creatures vanquished.

Vanquished Creatures (collateral kills)
  A dread lich (Zot:5)
  Vv (Depths:2)
  2 Killer Klowns (Zot:5)
  Saint Roka (Orc:2)
  A bone dragon (Crypt:3)
  2 electric golems
  Rupert (Lair:5)
  6 Orb Guardians (Zot:5)
  A deep elf blademaster (Elf:3)
  A sphinx (Vaults:5)
  2 titans
  A deep elf master archer (Elf:3)
  3 shadow dragons
  2 draconian monks
  A tengu reaver (Vaults:5)
  2 fenstrider witches (Swamp:4)
  A nagaraja (Snake:4)
  A frost giant (Depths:2)
  2 revenants (WizLab)
  A draconian knight (Zot:2)
  2 iron dragons (Vaults:5)
  3 vault wardens
  2 deep elf sorcerers
  An orc warlord (Orc:2)
  A ghost moth (Zot:5)
  2 very ugly things
  2 spectral caustic shrikes (Depths:2)
  2 draconian annihilators
  A vampire knight (Crypt:3)
  A war gargoyle (Vaults:4)
  2 green draconians
  A stone giant (Vaults:5)
  2 black draconians
  An eleionoma (Swamp:4)
  3 bunyips
  A purple draconian (Zot:5)
  5 yellow draconians
  An ettin (Depths:4)
  8 jiangshi
  A crystal guardian (Vaults:1)
  A shambling mangrove (Swamp:4)
  3 yaktaur captains (Vaults:5)
  8 vault guards (Vaults:5)
  3 deep elf high priests (Vaults:5)
  A great orb of eyes (Vaults:4)
  A ghost crab (Swamp:4)
  11 hydras
  A spectral spriggan (Crypt:3)
  4 ogre magi
  A death knight (Crypt:3)
  3 alligators
  A boulder beetle (D:10)
  5 two-headed ogres
  A centaur warrior (D:15)
  A spriggan skeleton (Depths:1)
  A vampire mage (Crypt:2)
  3 orc high priests
  A death yak (Lair:2)
  A deep troll shaman (Depths:2)
  3 naga warriors (Snake:4)
  A dancing weapon (Elf:2)
  Urug (Orc:2)
  2 shock serpents
  3 naga sharpshooters
  2 hell knights
  A shadow wraith (Crypt:1)
  A sun demon (Depths:4)
  An iron troll (Depths:2)
  Nergalle (D:10)
  7 skeletal warriors
  A golden dragon zombie (Crypt:1)
  A skyshark (Lair:2)
  A salamander mystic (Snake:1)
  A death drake (Swamp:3)
  5 goliath frogs
  4 swamp dragons
  2 flayed ghosts (Crypt:3)
  3 spriggan druids
  10 deep trolls
  A spriggan simulacrum (IceCv)
  2 wizards
  2 naga ritualists (Snake:4)
  7 ironbound convokers
  2 wolf spider zombies (WizLab)
  2 bog bodies (Swamp:1)
  4 phantasmal warriors
  3 deep elf archers
  A lindwurm (Vaults:2)
  3 orc sorcerers
  2 necromancers
  2 deep elf zephyrmancers
  An orc knight (Orc:2)
  5 deep elf pyromancers
  2 mana vipers
  A tengu skeleton (Vaults:4)
  4 ugly things
  A shining eye (shapeshifter) (D:14)
  3 cyclopes
  2 salamanders
  6 black mambas
  3 elephants (Lair:4)
  A black mamba (shapeshifter) (D:13)
  A molten gargoyle (Volcano)
  3 naga magi (Snake:4)
  4 vault sentinels
  A smoke demon (Depths:4)
  Jeremiah (D:8)
  7 komodo dragons
  An unseen horror (D:10)
  A cane toad (Lair:2)
  A rime drake (Lair:3)
  An anaconda simulacrum (Snake:2)
  5 yaktaurs (Vaults:1)
  An ice devil (IceCv)
  6 freezing wraiths
  A troll (D:11)
  2 merfolk
  A meliai (D:14)
  A queen bee (Lair:1)
  2 polar bears
  6 tyrant leeches
  24 blink frogs
  2 slime creatures
  4 hornets
  17 flying skulls (Crypt:3)
  A shadow (D:10)
  5 wyverns
  5 wraiths
  A small abomination (Crypt:3)
  2 water elementals
  7 spriggans
  2 fire elementals
  A vampire (D:10)
  6 humans (D:14)
  A spriggan zombie (Swamp:2)
  3 basilisks
  22 yaks
  The ghost of TobyConnect the Trooper, an amateur DsFi (D:8)
  A golden eye (Volcano)
  6 vampire mosquitoes
  Grum (D:8)
  A sea snake simulacrum (Snake:2)
  A steam dragon (D:6)
  10 nagas
  2 swamp worms (Swamp:2)
  An acid dragon (D:10)
  5 water moccasins
  Duvessa (D:7)
  A guardian serpent simulacrum (Snake:2)
  3 swamp drakes (Swamp:4)
  2 ice beasts
  19 orc warriors
  A sky beast (D:7)
  2 black bears
  2 centaurs
  6 ogres
  3 wolves
  2 kobold brigands (D:6)
  A gnoll sergeant (D:8)
  A komodo dragon skeleton (Crypt:1)
  12 bullfrogs
  A necrophage (Crypt:3)
  A deep troll simulacrum (IceCv)
  A cyclops zombie (Crypt:2)
  4 earth elementals (Volcano)
  A wight (D:10)
  Dowan (D:7)
  11 killer bees
  2 electric eels (Lair:3)
  3 howler monkeys
  2 lava snakes
  A human simulacrum (Vaults:4)
  22 orc priests
  2 jellies
  2 gnoll boudas
  3 iguanas
  26 orc wizards
  A sleepcap (D:7)
  A hell rat (Lair:4)
  23 gnolls
  2 adders
  A steam dragon skeleton (Crypt:2)
  4 shadow imps
  An ufetubus (D:4)
  74 orcs
  3 endoplasms
  5 jackals
  A quokka (D:4)
  A ball python (D:3)
  2 bats
  4 goblins
  9 kobolds
  A butterfly (Lair:4)
  A spectral weapon (D:11)
688 creatures vanquished.

Vanquished Creatures (others)
  2 very ugly thing zombies
  6 Orb Guardian zombies (Zot:5)
  A hydra (Swamp:4)
  A storm dragon zombie (Vaults:5)
  A golden dragon zombie (Zot:5)
  A bunyip zombie (Swamp:4)
  A tengu zombie (Vaults:4)
  A shadow dragon zombie (Vaults:4)
  A deep elf zephyrmancer (Elf:2)
  An ironbound convoker (Vaults:4)
  An ugly thing zombie (D:14)
  A goliath frog zombie (Swamp:1)
  2 fire giant zombies (Vaults:5)
  A will-o-the-wisp (Swamp:4)
  A stone giant zombie (Vaults:5)
  A purple draconian zombie (Zot:1)
  2 yaktaur zombies (Vaults:5)
  A green draconian zombie (Zot:5)
  A black draconian zombie (Depths:4)
  A cane toad (Lair:5)
  A yellow draconian zombie (Depths:4)
  3 harpy zombies (Vaults:5)
  A swamp worm zombie (Swamp:4)
  4 hydra zombies (Swamp:4)
  A bloated husk (Swamp:2)
  12 human zombies
  A meliai zombie (D:14)
  A spriggan zombie (Swamp:1)
  A tyrant leech zombie (Swamp:4)
  11 deep troll zombies
  A swamp drake (Swamp:4)
  A lindwurm zombie (Vaults:1)
  A swamp dragon zombie (Swamp:4)
  10 elf zombies (Elf:3)
  A wolf (Lair:2)
  A kobold brigand (D:10)
  3 boggart zombies (Vaults:3)
  An orc wizard (D:9)
  3 ogre zombies
  56 battlemagi
  3 ancestors (D:2)
  8 orc zombies
  12 foxfires
165 creatures vanquished.

Grand Total: 2002 creatures vanquished

Notes
Turn   | Place    | Note
-------+----------+-------------------------------------------
     0 | D:1      | yegreS the Meteoran Shapeshifter began the quest for the
                  | Orb.
     0 | D:1      | Reached XP level 1. HP: 16/16 MP: 2/2
   129 | D:1      | Reached XP level 2. HP: 22/24 MP: 3/3
   313 | D:1      | Found a faded altar of an unknown god.
   328 | D:1      | Prayed at the altar of an unknown god.
   328 | D:1      | Became a worshipper of Hepliaklqana the Forgotten
   328 | D:1      | Reached * piety under Hepliaklqana
   551 | D:2      | Reached XP level 3. HP: 27/27 MP: 4/4
   716 | D:2      | Reached XP level 4. HP: 31/34 MP: 5/5
   891 | D:3      | Reached ** piety under Hepliaklqana
   892 | D:3      | Remembered your ancestor Holly hell as a battlemage
  1066 | D:3      | Reached skill level 1 in Short Blades
  1126 | D:2      | Noticed Terence
  1151 | D:4      | Reached XP level 5. HP: 41/41 MP: 6/6
  1275 | D:4      | Reached skill level 5 in Fighting
  1275 | D:4      | Reached XP level 6. HP: 50/50 MP: 7/7
  1571 | D:4      | Found a staircase to the Ecumenical Temple.
  1581 | D:4      | Reached skill level 1 in Stealth
  1600 | Temple   | Entered the Ecumenical Temple
  1620 | D:4      | Reached XP level 7. HP: 56/56 MP: 8/8
  1699 | D:5      | Entered Level 5 of the Dungeon
  1888 | D:5      | Reached XP level 8. HP: 38/66 MP: 7/9
  1919 | D:5      | Found an ancient bone altar of Kikubaaqudgha.
  1941 | D:5      | Noticed Eustachio
  1968 | D:5      | Noticed Grinder
  1999 | D:5      | Killed Grinder
  2277 | D:6      | Noticed Pikel
  2314 | D:6      | Noticed a two-headed ogre
  2327 | D:6      | Killed a two-headed ogre
  2328 | D:6      | Gained mutation: You passively map the area around you.
                  | [Meteoran growth]
  2328 | D:6      | Reached XP level 9. HP: 76/76 MP: 10/10
  2382 | D:6      | Reached skill level 10 in Fighting
  2433 | D:6      | Reached *** piety under Hepliaklqana
  2528 | D:6      | Reached skill level 1 in Invocations
  2666 | D:6      | Killed Pikel
  2667 | D:6      | Reached XP level 10. HP: 75/84 MP: 12/14
  2878 | D:7      | Noticed Dowan
  2883 | D:7      | Noticed Duvessa
  2946 | D:7      | Killed Duvessa
  3045 | D:7      | Found an opulent altar of Gozag.
  3089 | D:7      | Found a runed translucent gate.
  3089 | D:7      | Found a runed translucent gate.
  3089 | D:7      | Found a runed translucent gate.
  3095 | D:7      | Noticed WhatIsLove's ghost (novice DrMo)
  3268 | D:7      | Killed Dowan
  3328 | D:7      | Reached skill level 1 in Armour
  3542 | D:8      | Noticed a two-headed ogre
  3581 | D:8      | Killed a two-headed ogre
  3582 | D:8      | Reached skill level 10 in Dodging
  3582 | D:8      | Reached XP level 11. HP: 84/92 MP: 13/15
  3660 | D:8      | Found a staircase to the Lair.
  3712 | D:8      | Noticed Grum
  3713 | D:8      | Identified the +5 spear of Mourning {pain, *Slow rF+ rC+}
  3723 | D:8      | Noticed Jeremiah
  3863 | D:8      | Killed Jeremiah
  3903 | D:8      | Found a glowing golden altar of the Shining One.
  3981 | D:9      | Reached skill level 5 in Shapeshifting
  4110 | D:9      | Found a staircase to the Orcish Mines.
  4315 | D:9      | Found a blossoming altar of Fedhas.
  4315 | D:9      | Found a glowing silver altar of Zin.
  4359 | D:9      | Reached **** piety under Hepliaklqana
  4392 | D:9      | Found a runed translucent door.
  4392 | D:9      | Found a shimmering altar of Xom.
  4392 | D:9      | Noticed a +2 trident of chaos
  4392 | D:9      | Noticed bmj180's ghost (journeyman HuCj)
  4459 | D:10     | Entered Level 10 of the Dungeon
  4504 | D:10     | Reached skill level 5 in Invocations
  4510 | D:10     | Found a shadowy altar of Dithmenos.
  4552 | D:10     | Noticed a two-headed ogre
  4554 | D:10     | Found a broken altar of Ashenzari.
  4556 | D:10     | Killed a two-headed ogre
  4564 | D:10     | Noticed a two-headed ogre
  4594 | D:10     | Noticed a five-headed hydra
  4594 | D:10     | Noticed a four-headed hydra
  4594 | D:10     | Noticed a boulder beetle
  4605 | D:10     | Noticed a two-headed ogre
  4613 | D:10     | Noticed a two-headed ogre
  4764 | D:10     | Found a broken altar of Ashenzari.
  4768 | D:10     | Noticed Nergalle
  4784 | D:10     | Killed Nergalle
  4785 | D:10     | Reached XP level 12. HP: 90/100 MP: 17/17
  4837 | D:10     | Killed a two-headed ogre
  4895 | D:10     | Reached skill level 10 in Shapeshifting
  4904 | D:10     | Found a hazy altar of Hepliaklqana.
  5348 | Lair:1   | Entered Level 1 of the Lair of Beasts
  5645 | Lair:1   | Found a dark tunnel.
  5674 | Volcano  | Entered a volcano
  5696 | Volcano  | Noticed a lindwurm
  5696 | Volcano  | Noticed a lindwurm
  5752 | Volcano  | a lindwurm changed into a golden eye
  5787 | Volcano  | a lindwurm changed into a merfolk
  6161 | Lair:2   | Identified a scroll of acquirement
  6162 | Lair:2   | Acquired 907 gold pieces
  6239 | Lair:2   | Reached XP level 13. HP: 99/105 MP: 18/18
  6314 | Lair:2   | Noticed a death yak
  6321 | Lair:2   | Killed a death yak
  6431 | Lair:3   | Reached skill level 15 in Shapeshifting
  6466 | Lair:3   | Found a staircase to the Swamp.
  6564 | Lair:2   | Identified the +9 quarterstaff of Julohyte {vamp, Int+3}
  6601 | Lair:3   | Reached ***** piety under Hepliaklqana
  6719 | Lair:3   | Learned a level 4 spell: Dispel Undead
  6726 | Lair:3   | Learned a level 6 spell: Death Channel
  6731 | Lair:4   | Reached skill level 1 in Necromancy
  6751 | Lair:4   | Reached skill level 1 in Spellcasting
  6907 | Lair:4   | You fall into a shaft and drop 1 floor!
  6907 | Lair:5   | Entered Level 5 of the Lair of Beasts
  6907 | Lair:5   | Found a staircase to the Slime Pits.
  6926 | Lair:5   | Reached XP level 14. HP: 92/112 MP: 22/22
  6929 | Lair:5   | Reached skill level 5 in Spellcasting
  6957 | Lair:5   | Reached skill level 5 in Necromancy
  7046 | Lair:5   | Found a one-way gate to the infinite horrors of the Abyss.
  7046 | Lair:5   | Noticed dohliylev's ghost (journeyman MiBe)
  7202 | Lair:5   | Noticed Rupert
  7224 | Lair:5   | Killed Rupert
  7272 | Lair:5   | Found a transporter.
  7608 | D:10     | Reached skill level 10 in Necromancy
  7811 | D:11     | Noticed Erolcha
  7819 | D:11     | Killed Erolcha
  7909 | D:12     | Reached XP level 15. HP: 101/118 MP: 23/23
  8200 | D:12     | You fall into a shaft and drop 1 floor!
  8615 | D:14     | Noticed Lodul
  8873 | Orc:1    | Entered Level 1 of the Orcish Mines
  8914 | Orc:2    | Entered Level 2 of the Orcish Mines
  9054 | Orc:2    | Noticed Saint Roka
  9159 | Orc:1    | Reached skill level 5 in Unarmed Combat
  9180 | Orc:1    | You are sucked into a shaft and drop 1 floor!
  9205 | Orc:2    | Noticed an orc warlord
  9266 | D:8      | Found a transporter.
  9271 | D:8      | Noticed TobyConnect's ghost (amateur DsFi)
  9272 | D:8      | Identified the ring of the Platytaur {rN+ MP+9 Str-2 Int+9
                  | Slay+2}
  9287 | D:8      | Killed Grum
  9290 | D:8      | Found a transporter.
  9316 | D:8      | Killed TobyConnect's ghost
  9454 | Lair:2   | Found a staircase to the Snake Pit.
  9483 | Snake:1  | Entered Level 1 of the Snake Pit
  9558 | Snake:1  | Reached skill level 10 in Unarmed Combat
  9563 | Snake:1  | Reached XP level 16. HP: 125/125 MP: 29/29
  9796 | Snake:2  | Noticed Vashnia
  9953 | Snake:3  | Found a glowing golden altar of the Shining One.
 10010 | Snake:3  | Found Acaghian's Armour Shop.
 10112 | Snake:4  | Entered Level 4 of the Snake Pit
 10183 | Snake:4  | Reached skill level 15 in Unarmed Combat
 10187 | Snake:4  | Noticed a nagaraja
 10190 | Snake:4  | Found Xidafox's Assorted Antiques.
 10190 | Snake:4  | Found Ricsamas's Jewellery Boutique.
 10191 | Snake:4  | Found Apeoq's Assorted Antiques.
 10194 | Snake:4  | Found Zaoguch's General Store.
 10210 | Snake:4  | Bought a scroll labelled JIYZU LELI for 33 gold pieces
 10210 | Snake:4  | Bought a glowing cloak for 247 gold pieces
 10210 | Snake:4  | Bought a potion of heal wounds for 165 gold pieces
 10234 | Snake:4  | Killed a nagaraja
 10337 | Snake:4  | Noticed Aizul
 10345 | Snake:4  | Killed Aizul
 10380 | Snake:4  | Reached XP level 17. HP: 135/135 MP: 30/30
 10457 | Snake:4  | Noticed a nagaraja
 10464 | Snake:4  | Killed a nagaraja
 10470 | Snake:4  | Noticed a nagaraja
 10494 | Snake:4  | Reached skill level 15 in Fighting
 10505 | Snake:4  | Noticed a nagaraja
 10528 | Snake:4  | Killed a nagaraja
 10536 | Snake:4  | Noticed a nagaraja
 10544 | Snake:4  | Killed a nagaraja
 10549 | Snake:4  | Killed a nagaraja
 10619 | Snake:4  | Noticed a nagaraja
 10626 | Snake:4  | Killed a nagaraja
 10669 | Snake:4  | Got a serpentine rune of Zot
 11120 | Snake:4  | Bought a potion of haste for 320 gold pieces
 11221 | Snake:2  | Learned a level 4 spell: Animate Dead
 11267 | Snake:2  | Learned a level 5 spell: Borgnjor's Vile Clutch
 11279 | Snake:2  | Killed Vashnia
 11280 | Snake:2  | Reached skill level 1 in Earth Magic
 11447 | Snake:2  | Gained mutation: You passively map a large area around you.
                  | [Meteoran growth]
 11447 | Snake:2  | Reached XP level 18. HP: 149/149 MP: 24/31
 11529 | Snake:2  | Identified the ring "Vocaag" {Ice rElec Will+ Slay+2}
 11799 | Swamp:1  | Entered Level 1 of the Swamp
 11835 | Swamp:1  | Reached skill level 5 in Earth Magic
 12105 | Swamp:2  | Noticed a tentacled monstrosity
 12114 | Swamp:2  | Killed a tentacled monstrosity
 12129 | Swamp:2  | Identified the +2 pair of gloves of the Mashing Gods
                  | {*Corrode Str+3 Stlth+}
 12129 | Swamp:2  | Noticed Nikola
 12142 | Swamp:2  | Killed Nikola
 12164 | Swamp:2  | Identified the amulet "Eklekkon" {RegenMP rCorr Stlth+}
 12530 | Swamp:4  | Entered Level 4 of the Swamp
 12584 | Swamp:4  | Reached XP level 19. HP: 161/161 MP: 32/32
 12636 | Swamp:4  | Noticed the 27-headed Lernaean hydra
 12655 | Swamp:4  | Killed the 27-headed Lernaean hydra
 12743 | Swamp:4  | Got a decaying rune of Zot
 12832 | Swamp:4  | Found the +5 demon whip "Spellbinder" {antimagic, disrupt,
                  | Will+}
 12885 | Swamp:4  | Reached skill level 10 in Invocations
 13145 | Swamp:3  | Identified the +3 morningstar "Japoc Dig" {freeze, Fly rF-
                  | Will+ Str+2 Int+3}
 13915 | Orc:2    | Killed Saint Roka
 13967 | Orc:2    | Found Juon Soj's Assorted Antiques.
 13967 | Orc:2    | Found Noitra's Assorted Antiques.
 13979 | Orc:2    | Found Zall's Jewellery Shop.
 14008 | Orc:2    | Found Vougha's Weapon Boutique.
 14017 | Orc:2    | Bought a potion of mutation for 216 gold pieces
 14017 | Orc:2    | Bought a potion of might for 108 gold pieces
 14018 | Orc:2    | Bought the ring of Devotion {EV+5 Dex+6} for 834 gold
                  | pieces
 14068 | Orc:2    | Found a staircase to the Elven Halls.
 14076 | Orc:2    | Noticed Urug
 14082 | Orc:2    | Killed Urug
 14159 | Orc:1    | Noticed Josephine
 14169 | Orc:1    | Killed Josephine
 14491 | D:14     | Killed Lodul
 14577 | D:14     | Found a gate to the Vaults.
 14581 | D:14     | Reached XP level 20. HP: 167/167 MP: 26/33
 14596 | Vaults:1 | Entered Level 1 of the Vaults
 15418 | Vaults:4 | Reached XP level 21. HP: 155/180 MP: 6/34
 15554 | Vaults:5 | Entered Level 5 of the Vaults
 15554 | Vaults:5 | Noticed a tentacled monstrosity
 15554 | Vaults:5 | Noticed an ancient lich
 15554 | Vaults:5 | Found the +5 Lochaber axe {reach-cleave, Poleaxe Drain}
 15560 | Vaults:5 | Killed a tentacled monstrosity
 15587 | Vaults:5 | Killed an ancient lich
 15605 | Vaults:5 | Noticed a tentacled monstrosity
 15626 | Vaults:5 | Killed a tentacled monstrosity
 15646 | Vaults:5 | Noticed an ancient lich
 15687 | Vaults:5 | Killed an ancient lich
 15840 | Vaults:5 | Got a silver rune of Zot
 15844 | Vaults:5 | Identified the +0 robe of Inviolability {rF- Str+4 Stlth+}
 15906 | Vaults:5 | Reached XP level 22. HP: 189/189 MP: 35/35
 15975 | Vaults:5 | Identified the +4 battleaxe "Odwiosh" {venom, rC+ Str+3}
 16020 | Vaults:5 | Reached skill level 5 in Evocations
 16028 | Vaults:5 | Identified the +2 scale mail of a Billion Lies {Dex+4}
 16113 | Vaults:5 | Identified the +9 rapier of Bodily Harmony {vamp, rPois
                  | Dex+3}
 16171 | Vaults:5 | Noticed a golden dragon
 16176 | Vaults:5 | Killed a golden dragon
 16247 | Vaults:5 | Noticed a dread lich
 16250 | Vaults:5 | Killed a dread lich
 16279 | Vaults:5 | Identified the staff "Biraij" {+Blink rC+ rCorr Ice}
 16309 | Vaults:5 | Got the Octavo of Hurtful Geometries
 16315 | Vaults:5 | Learned a level 4 spell: Vhi's Electric Charge
 16531 | Vaults:4 | Learned a level 4 spell: Manifold Assault
 16712 | Vaults:3 | Reached XP level 23. HP: 198/198 MP: 32/36
 16800 | Vaults:2 | Noticed Asterion
 16807 | Vaults:2 | Killed Asterion
 17020 | Vaults:2 | Found a staircase to the Crypt.
 17033 | Crypt:1  | Entered Level 1 of the Crypt
 17157 | Crypt:1  | Found a magical portal.
 17166 | WizLab   | Entered Borgnjor's Mausoleum
 17433 | Crypt:1  | Reached ****** piety under Hepliaklqana
 17533 | Crypt:3  | Entered Level 3 of the Crypt
 17546 | Crypt:3  | Reached skill level 1 in Shields
 17658 | Crypt:3  | Found an ancient bone altar of Kikubaaqudgha.
 17658 | Crypt:3  | Found the +8 mithril axe "Arga" {speed, Will+}
 17798 | Crypt:3  | Identified the ring of Internal Strife {Dex+6 SInv}
 17834 | Crypt:3  | Reached skill level 5 in Shields
 17909 | Crypt:3  | Noticed a profane servitor
 17915 | Crypt:3  | Killed a profane servitor
 17916 | Crypt:3  | Reached XP level 24. HP: 205/205 MP: 32/36
 18069 | Crypt:3  | Found a staircase to the Tomb.
 18069 | Crypt:3  | Noticed an ancient lich
 18075 | Crypt:3  | Killed an ancient lich
 18816 | Elf:1    | Entered Level 1 of the Elven Halls
 18826 | Elf:1    | Reached skill level 1 in Translocations
 19016 | Elf:1    | Found Byedof's Assorted Antiques.
 19046 | Elf:1    | Reached skill level 5 in Translocations
 19057 | Elf:1    | Learned a level 2 spell: Sublimation of Blood
 19119 | Elf:3    | Entered Level 3 of the Elven Halls
 19157 | Elf:3    | Found Waruen's Weapon Boutique.
 19189 | Elf:3    | Found a runed translucent gate.
 19189 | Elf:3    | Found a runed translucent gate.
 19189 | Elf:3    | Found a runed translucent gate.
 19504 | Elf:3    | Found Bamnudad's Magic Scroll Boutique.
 19512 | Elf:3    | Bought a scroll of silence for 199 gold pieces
 19512 | Elf:3    | Bought a scroll of blinking for 157 gold pieces
 19512 | Elf:3    | Bought a scroll of fog for 84 gold pieces
 19512 | Elf:3    | Bought a scroll of teleportation for 63 gold pieces
 19562 | Elf:3    | Reached skill level 1 in Air Magic
 19588 | Elf:3    | Reached skill level 10 in Translocations
 19588 | Elf:3    | Reached XP level 25. HP: 167/211 MP: 3/36
 19799 | Elf:3    | Identified the +8 great sword of Nemelex Xobeh {venom,
                  | rPois rCorr}
 19814 | Elf:3    | Identified the staff of Duty {rN+ Int+3 Necro}
 19819 | Elf:3    | Got the Codex of Sidekicks and Freezing
 19822 | Elf:3    | Identified the +7 morningstar of the Writhing Traitor
                  | {speed, +Blink rElec Stlth-}
 19831 | Elf:3    | Identified the +2 spear "Zasy" {heavy, SInv}
 19891 | Elf:3    | Identified the staff "Haurosat" {rPois rF+ Str+6 SInv Fire}
 20066 | Elf:2    | Found Seutup's Book Emporium.
 20066 | Elf:2    | Found Qyorchos's Jewellery Shop.
 20067 | Elf:2    | Found Wicec Ypongi's Jewellery Shop.
 20075 | Elf:2    | Bought a book of Blood for 392 gold pieces
 20078 | Elf:2    | Learned a level 2 spell: Wereblood
 20140 | Elf:2    | Found Dodesua's Vocational Training.
 20212 | Elf:2    | Bought a manual of Evocations for 1280 gold pieces
 20212 | Elf:2    | Bought a manual of Invocations for 1280 gold pieces
 20568 | D:15     | Entered Level 15 of the Dungeon
 20623 | D:15     | Found a frozen archway.
 20628 | IceCv    | Entered an ice cave
 20746 | IceCv    | Acquired 1240 gold pieces
 20804 | IceCv    | Found the +8 lance "Wyrmbane" {slay drac, rPois rF+ rC+
                  | AC+3}
 20885 | D:15     | Found a portal to a secret trove of treasure.
 20977 | D:15     | Reached skill level 15 in Dodging
 21007 | D:15     | Found Cozij's Distillery.
 21015 | D:15     | Bought a potion of invisibility for 120 gold pieces
 21015 | D:15     | Bought a potion of heal wounds for 75 gold pieces
 21015 | D:15     | Bought a potion of curing for 45 gold pieces
 21015 | D:15     | Bought a potion of might for 60 gold pieces
 21015 | D:15     | Bought a potion of haste for 150 gold pieces
 21015 | D:15     | Bought a potion of heal wounds for 75 gold pieces
 21064 | D:15     | Found a staircase to the Depths.
 21068 | D:15     | Reached skill level 10 in Evocations
 21085 | Depths:1 | Entered Level 1 of the Depths
 21106 | Depths:1 | Found a runed translucent door.
 21146 | Depths:1 | Found a gateway to Hell.
 21187 | Depths:1 | Found a corrupted altar of Lugonu.
 21242 | Depths:1 | Reached skill level 10 in Spellcasting
 21470 | Depths:2 | Reached XP level 26. HP: 221/221 MP: 35/38
 21515 | Depths:2 | Noticed Vv
 21522 | Depths:2 | Killed Vv
 21620 | Depths:4 | Entered Level 4 of the Depths
 21687 | Depths:4 | Found a one-way gateway to a ziggurat.
 21941 | Depths:4 | Found a runed translucent gate.
 21993 | Depths:4 | Found a runed translucent gate.
 21995 | Depths:4 | Found a runed translucent gate.
 21997 | Depths:4 | Noticed Acveupuk's ghost (journeyman HOMo)
 21997 | Depths:4 | Noticed Gaexku's ghost (veteran DrSh)
 21998 | Depths:4 | Noticed Pojesatusi's ghost (adept HOMo)
 21999 | Depths:4 | Found the +13 scythe of Curses {drain, curses, Drain}
 22293 | Depths:4 | Reached skill level 15 in Evocations
 22343 | Depths:4 | Found a gate to the Realm of Zot.
 22354 | Zot:1    | Entered Level 1 of the Realm of Zot
 22518 | Zot:3    | Found the ring of the Hare {EV+10}
 22529 | Zot:3    | Found a transporter.
 22537 | Zot:3    | Noticed an orb of fire
 22567 | Zot:3    | Noticed a curse toe
 22717 | Zot:4    | Noticed an ancient lich
 22717 | Zot:4    | Noticed a dread lich
 22826 | Zot:5    | Entered Level 5 of the Realm of Zot
 23173 | Zot:5    | Reached XP level 27. HP: 230/230 MP: 38/38
 23174 | Zot:5    | Noticed a dread lich
 23175 | Zot:5    | Noticed an ancient lich
 23201 | Zot:5    | Noticed a Killer Klown
 23208 | Zot:5    | Killed an ancient lich
 23220 | Zot:5    | Killed a Killer Klown
 23229 | Zot:5    | Noticed a dread lich
 23229 | Zot:5    | Noticed an orb of fire
 23232 | Zot:5    | Noticed a Killer Klown
 23238 | Zot:5    | Killed a dread lich
 23241 | Zot:5    | Killed an orb of fire
 23242 | Zot:5    | Noticed an orb of fire
 23243 | Zot:5    | Killed a Killer Klown
 23246 | Zot:5    | Killed an orb of fire
 23252 | Zot:5    | Noticed a Killer Klown
 23254 | Zot:5    | Killed a Killer Klown
 23395 | Zot:5    | Noticed a Killer Klown
 23397 | Zot:5    | Noticed an orb of fire
 23404 | Zot:5    | Killed an orb of fire
 23404 | Zot:5    | Noticed a Killer Klown
 23405 | Zot:5    | Killed a Killer Klown
 23405 | Zot:5    | Noticed a Killer Klown
 23410 | Zot:5    | Killed a Killer Klown
 23412 | Zot:5    | Killed a Killer Klown
 23413 | Zot:5    | Noticed a Killer Klown
 23424 | Zot:5    | Killed a Killer Klown
 23436 | Zot:5    | Noticed an ancient lich
 23439 | Zot:5    | Got the Orb of Zot
 23915 | D:14     | Noticed Doxied the pandemonium lord
 24155 | D:2      | Noticed an ancient lich
 24186 | D:$      | Escaped with the Orb!

Illustrated notes

Levels and vault maps discovered:
D:1:      eino_arrival_druids_welcome, layout_basic,
          shapermc_ecumenical_altar_ellora, minmay_misc_feat_iff
D:2:      layout_basic, minmay_tetromino_i4, uniq_terence
D:3:      layout_rooms
D:4:      layout_loops_ring, mainiacjoe_overflow_alcove_4,
          minmay_temple_entry_crystal_x, kennysheep_generic_room_8
D:5:      layout_basic, kiku_gazebo_pond_becter, uniq_eustachio, uniq_grinder
D:6:      layout_basic, slow_altar_2, uniq_pikel
D:7:      layout_loops_ring, grunt_gozag_statues, gammafunk_ghost_necromancy,
          grunt_decor_cap, uniq_duvessa
D:8:      layout_rooms, nicolae_overflow_crystal_walls,
          due_lair_maze_entry_diamond, gammafunk_ghost_gnarly_gnolls, uniq_grum,
          uniq_jeremiah
D:9:      layout_cave_pods, gammafunk_temple_overflow_elements, orc_david_3,
          ebering_ghost_xom
D:10:     hangedman_cross_cluster, layout_basic, cheibrodos_ashenzari_chains,
          nicolae_dithmenos_shadow_blocks, kennysheep_little_box,
          kennysheep_small_square, uniq_nergalle
D:11:     layout_basic, serial_aquarium, aquarium_bridge_square
          [aquarium_subvault_wall, aquarium_subvault_window,
          aquarium_subvault_bridge, aquarium_subvault_bridge],
          aquarium_bridge_long_joined [aquarium_subvault_bridge,
          aquarium_subvault_wall, aquarium_subvault_wall,
          aquarium_subvault_wall, aquarium_subvault_wall,
          aquarium_subvault_window], aquarium_window_1, aquarium_window_fake,
          aquarium_window_1, aquarium_window_1, aquarium_view_2c,
          aquarium_pool_1, uniq_erolcha
D:12:     layout_irregular_city, uniq_snorg
D:13:     layout_long_grid
D:14:     layout_irregular_city, grunt_vaults_entry_tiered, elyvilon_altar_3,
          uniq_lodul
D:15:     hangedman_depths_entry_try_elsewhere_first, layout_stronghold,
          portal_ice_cave_entry_pillars_four, nicolae_kite_square_tiling_tiny,
          enter_trove_2, serial_shops, nicolae_shop_waterfront
Temple:   nicolae_temple_ecumenical_triangle
Lair:1:   statuecave_lemuel, layout_loops_ring, special_room [special_room_bee],
          nicolae_volcano_entry_lava_flow, patterned_corridor
Lair:2:   layout_roguey, nicolae_snake_entry_warm_welcome, st_stairs_8,
          minmay_shattered_shrine
Lair:3:   layout_concentric_octagons, minmay_swamp_entry_eels,
          grunt_megastairs_3, serial_bayou_shore_b
Lair:4:   layout_regular_city, nicolae_quartered_pool_little,
          grunt_megastairs_2, lemuel_fruit_fields
Lair:5:   evilmike_catoblepas_cave, layout_cave_pods, slime_entry_1,
          gammafunk_ghost_abyssal_escape, grunt_megastairs_5, uniq_rupert
Swamp:1:  layout_basic_swamp, evilmike_swamp_ruin_rubble_1
Swamp:2:  layout_falls_marsh, evilmike_swamp_ruin_rubble_2, uniq_nikola
Swamp:3:  layout_basic_swamp, evilmike_swamp_ruin_house_6
Swamp:4:  swamp_old_school, layout_basic_swamp, swamp_pool5
Snake:1:  layout_chambers, nicolae_letterblocks [nicolae_letter_subblock,
          nicolae_letter_subblock, nicolae_letter_subblock,
          nicolae_letter_subblock, nicolae_letter_subblock,
          nicolae_letter_subblock, nicolae_letter_subblock,
          nicolae_letter_subblock, nicolae_letter_subblock,
          nicolae_letter_subblock, nicolae_letter_subblock,
          nicolae_letter_subblock, nicolae_letter_subblock,
          nicolae_letter_subblock, nicolae_letter_subblock,
          nicolae_letter_subblock, nicolae_letter_subblock,
          nicolae_letter_subblock, nicolae_letter_subblock,
          nicolae_letter_subblock, nicolae_letter_subblock,
          nicolae_letter_subblock, nicolae_letter_subblock,
          nicolae_letter_subblock, nicolae_letter_subblock], grunt_megastairs_4,
          serial_bayou_shore_b
Snake:2:  minmay_snake_river, layout_misc_corridors,
          nicolae_snake_the_dead_are_slithering, uniq_vashnia
Snake:3:  layout_misc_corridors, serial_shops, nicolae_shop_back_alley_shop,
          basic_altar
Snake:4:  minmay_snake_end_coiled, layout_cave_town, nicolae_snake_shapes,
          serial_bayou_shore_b, minmay_shoptagon, uniq_aizul
Orc:1:    layout_caves, uniq_josephine
Orc:2:    st_orc_mages, layout_caves, mines_bat_river, uniq_urug,
          uniq_saint_roka
Elf:1:    nicolae_elf_arrival_no_cutting_in_line, layout_geoelf_grid,
          serial_shops, shop, minmay_elf_crystal_heptagon,
          small_statue_intersection
Elf:2:    elven_hall_of_blades_hangedman_original [nicolae_blade_bullseye],
          layout_gridlike, serial_shops, nicolae_square_shop,
          nicolae_shop_vocational, minmay_shop_grove
Elf:3:    elf_hall, layout_geoelf_octagon, nicolae_elf_hall_of_bonks,
          minmay_shop_star
Vaults:1: vaults_mumra_chevron, nicolae_vaults_meiosis, v_rooms_1,
          nicolae_vaults_little_squares_6, nicolae_vaults_what_the_h,
          nicolae_vaults_storage_room_water, nicolae_vaults_heart-shaped_vault,
          v_misc_11, nicolae_vaults_trapezoid_lopsided_3,
          nicolae_vaults_tetromino_L_1, nicolae_vaults_trapezoid_layered,
          nicolae_vaults_mini_display_case, nicolae_vaults_double_plus_1,
          layout_vaults_ring
Vaults:2: gammafunk_ghost_ooze, nicolae_vaults_network_quincunx
          [nicolae_vaults_network_quincunx_subvault,
          nicolae_vaults_network_quincunx_subvault,
          nicolae_vaults_network_quincunx_subvault,
          nicolae_vaults_network_quincunx_subvault,
          nicolae_vaults_network_quincunx_subvault], vaults_dpeg_emergency_exit,
          ontoclasm_vaults_idyll, blue_anna_dwarven_crypt,
          nicolae_vaults_ring_of_whatevers, vaults_room_grunt_arrival_ludios,
          vaults_room_semicircle, v_misc_25, nicolae_vaults_tetromino_Z_1,
          nicolae_vaults_little_squares_3, layout_vaults_omnigrid, uniq_asterion
Vaults:3: nicolae_vaults_halls_meeting, nicolae_vaults_double_plus_1, v_misc_15,
          nicolae_vaults_shrinking_rooms_1, nicolae_vaults_variable_pillar_hall,
          nicolae_vaults_hexular_roomagon, v_misc_11, v_misc_12,
          nicolae_vaults_specimen_jars, vaults_room_hallway,
          nicolae_vaults_double_plus_2, ontoclasm_vaults_eye,
          layout_vaults_omnibox
Vaults:4: st_quartered_hall, nicolae_vaults_little_squares_5,
          nicolae_vaults_trapezoid_lopsided_4, ontoclasm_vaults_pinch,
          nicolae_vaults_heart-shaped_vault, nicolae_vaults_sesquioval_fish,
          nicolae_vaults_house_3, nicolae_vaults_house_1,
          nicolae_vaults_twisting_passages, grunt_vaults_diagonal,
          nicolae_vaults_ring_of_whatevers, hangedman_vaults_corner_blocks,
          v_misc_25, nicolae_vaults_weapon_check, v_misc_28,
          layout_vaults_maze_bifur
Vaults:5
Crypt:1:  cheibrodos_crypt_cold_storage, layout_gridlike, mu_enter_wizlab_5,
          wad_floor_pattern_1, columned_hall_lemuel
Crypt:2:  layout_gridlike, uniq_margery, uniq_mennas, uniq_sojobo
Crypt:3:  grunt_crypt_end_deaths_head
Depths:1: layout_cave_pools, abyss_entry_flame_altar, minmay_holes, hell_entry,
          lemuel_statue_altar, lemuel_angel_altar
Depths:2: minmay_inside_and_out, layout_cross, pf_hell_entry_tar_river,
          rand_demon_pan_entry_8, minmay_staircase_statues_hall_small, uniq_vv
Depths:3: minmay_shrinking_squares, layout_gridlike,
          nicolae_wu_jian_wuxing_cycle, hangedman_abyss_entry_splay, hell_entry,
          kilobyte_rumbling_trees, infiniplex_staircase_river, uniq_frederick
Depths:4: grunt_bruiser_brothers, layout_cave_shapes, enter_ziggurat_a,
          lightli_too_deep, marbit_kobold_abyss_entry, gammafunk_ghost_cemetery,
          minmay_misc_feat_room
Zot:1:    layout_concentric_octagons
Zot:2:    layout_gridlike
Zot:3:    gammafunk_the_bubble [the_bubble_gammafunk_crates], layout_gridville
Zot:4:    hangedman_snap_crack_crunch, layout_cathedral_of_symmetry,
          ebering_ghost_rock_garden
Zot:5:    layout_twisted_circle

Skill      XL: |  1  2  3  4  5  6  7  8  9 10 11 12 13 14 15 16 17 18 19 20 21 22 23 24 25 26 27 |
---------------+----------------------------------------------------------------------------------+-----
Fighting       | 2 3 4 5 6 7 9 10 11 12 13 16 18 19 20 21 22 23 | 23.3
Unarmed Combat | 4 10 16 17 18 19 20 21 22 23 | 23.5
Short Blades   | 1 2 |  2.0
Stealth        | 1 |  1.0
Dodging        | 6 8 10 11 12 14 15 17 | 17.1
Invocations    | 4 6 8 10 11 14 | 14.0
Armour         | 3 4 |  4.1
Evocations     | 3 7 13 17 18 | 18.4
Shapeshifting  | 9 13 16 17 18 20 21 23 | 23.0
Necromancy     | 4 10 12 | 12.0
Spellcasting   | 4 5 8 10 | 10.0
Earth Magic    | 3 6 7 8 |  8.0
Shields        | 5 6 |  6.0
Translocations | 10 | 10.0
Air Magic      | 4 |  4.0

Action                     |  1- 3 |  4- 6 |  7- 9 | 10-12 | 13-15 | 16-18 | 19-21 | 22-24 | 25-27 || total
---------------------------+-------+-------+-------+-------+-------+-------+-------+-------+-------++-------
  Melee: Unarmed           |    31 |       |       |    19 |   114 |   425 |   398 |   596 |   565 ||  2148
         Punch             |     2 |     1 |     1 |    12 |     9 |    40 |    44 |    65 |    74 ||   248
         Dagger            |    20 |    50 |    33 |   146 |       |       |       |       |       ||   249
         Trident           |       |       |       |   254 |    74 |       |       |       |       ||   328
         Staff             |       |       |       |     2 |       |       |       |       |       ||     2
         Quarterstaff      |       |       |       |       |   334 |       |       |       |       ||   334
         Tailslap          |       |       |       |       |     7 |    64 |    79 |    42 |    70 ||   262
         Bite              |       |       |       |       |     3 |    40 |    47 |    35 |    54 ||   179
   Fire: Sling             |     5 |     9 |    12 |       |       |       |       |       |       ||    26
  Throw: Stone             |     3 |       |       |       |       |       |       |       |       ||     3
         Dart              |       |     4 |     9 |     4 |       |       |       |       |       ||    17
         Boomerang         |       |     8 |     7 |    17 |    14 |       |       |       |       ||    46
         Javelin           |       |       |       |     2 |       |       |       |       |       ||     2
         Throwing net      |       |       |       |     1 |       |       |       |       |       ||     1
   Cast: Dispel Undead     |       |       |       |       |    16 |     1 |       |    11 |       ||    28
         Death Channel     |       |       |       |       |    10 |    16 |    11 |     7 |     8 ||    52
         Borgnjor's Vile C |       |       |       |       |       |     9 |    18 |    12 |     7 ||    46
         Animate Dead      |       |       |       |       |       |     4 |    11 |     8 |    13 ||    36
         Manifold Assault  |       |       |       |       |       |       |       |    25 |    77 ||   102
         Vhi's Electric Ch |       |       |       |       |       |       |       |     1 |     4 ||     5
         Wereblood         |       |       |       |       |       |       |       |       |     2 ||     2
 Invoke: Recall Ancestor   |     1 |     7 |    11 |    11 |    13 |     7 |     5 |     5 |     8 ||    68
         Ancestor Identity |     1 |       |       |       |       |       |       |       |       ||     1
         Ancestor Life: Ba |       |     1 |       |       |       |       |       |       |       ||     1
         Idealise          |       |       |       |     1 |     9 |     2 |     4 |     2 |     8 ||    26
         Transference      |       |       |       |       |     1 |       |       |       |       ||     1
Ability: Begin Untransform |       |     1 |       |       |     4 |       |       |       |       ||     5
         Breathe Fire      |       |       |       |       |     1 |     8 |     3 |       |       ||    12
         Blinkbolt         |       |       |       |       |       |       |       |       |     5 ||     5
  Evoke: Wand              |       |       |       |     7 |    31 |     4 |     3 |       |     2 ||    47
         Phantom mirror    |       |       |       |       |       |       |     2 |     1 |     3 ||     6
         Tin of tremorston |       |       |       |       |       |       |     1 |     3 |     1 ||     5
    Use: Scroll            |     2 |     3 |     4 |    15 |     5 |     5 |     4 |     2 |    10 ||    50
         Potion            |       |     2 |     1 |    11 |     2 |     1 |     6 |     1 |    14 ||    38
   Stab: Distracted        |       |       |     2 |     6 |    12 |    12 |     7 |    16 |    17 ||    72
         Sleeping          |       |       |       |       |     1 |       |     1 |       |       ||     2
 Armour: Animal skin       |    22 |    17 |    22 |       |       |       |       |       |       ||    61
         Steam dragon scal |       |       |     4 |   147 |   183 |       |       |       |       ||   334
         Skin              |       |       |       |    55 |   116 |   243 |   242 |   319 |   184 ||  1159
         Robe              |       |       |       |       |    32 |       |       |       |       ||    32
  Dodge: Dodged            |    25 |    27 |    28 |   446 |   769 |   334 |   381 |   628 |   473 ||  3111
  Block: Other             |       |       |       |    88 |   185 |       |       |       |       ||   273
         Reflection        |       |       |       |     3 |    10 |       |       |       |       ||    13
         Buckler           |       |       |       |       |       |       |       |   115 |       ||   115
   Form: Statue            |       |       |       |     1 |     3 |       |       |     1 |       ||     5
         Dragon            |       |       |       |       |     1 |       |       |     1 |     1 ||     3
         Blade             |       |       |       |       |     1 |       |       |       |       ||     1
         Storm             |       |       |       |       |       |       |       |       |     1 ||     1

Table legend: (Time is in decaauts)
 A = Elapsed time spent in this place.
 B = Non-inter-level travel time spent in this place.
 C = Inter-level travel time spent in this place.
 D = Time resting spent in this place.
 E = Time spent auto-exploring this place.
 F = Levels seen in this place.
 G = Mean time per level.
                   A        B        C        D        E       F      G
               +--------+--------+--------+--------+--------+-----+--------+
         Total |  24341 |  20342 |   3999 |    638 |   3443 |  54 |  450.8 |
       Dungeon |   8370 |   6615 |   1755 |    189 |     45 |  15 |  558.0 |
        Temple |      1 |      1 |      0 |      0 |      0 |   1 |    1.0 |
          Lair |   2252 |   1970 |    282 |     28 |      0 |   5 |  450.4 |
         Swamp |   1922 |   1738 |    184 |      0 |   1054 |   4 |  480.5 |
     Snake Pit |   2088 |   1757 |    331 |      6 |    284 |   4 |  522.0 |
  Orcish Mines |    802 |    584 |    218 |      0 |     41 |   2 |  401.0 |
   Elven Halls |   1443 |   1306 |    137 |     25 |    656 |   3 |  481.0 |
        Vaults |   2491 |   2173 |    318 |      7 |    337 |   5 |  498.2 |
         Crypt |   1464 |   1157 |    307 |      0 |     61 |   3 |  488.0 |
        Depths |   1381 |   1181 |    200 |      0 |    636 |   4 |  345.2 |
           Zot |   1188 |    924 |    264 |     53 |    293 |   5 |  237.6 |
      Ice Cave |    231 |    231 |      0 |      3 |     36 |   1 |  231.0 |
       Volcano |    406 |    406 |      0 |    213 |      0 |   1 |  406.0 |
        Wizlab |    296 |    296 |      0 |    114 |      0 |   1 |  296.0 |
               +--------+--------+--------+--------+--------+-----+--------+

Top non-repeatable levels by time:
    D:10: 1145 daAuts
     D:9: 1018 daAuts
 Snake:4: 916 daAuts
 Crypt:3: 891 daAuts
   Elf:3: 866 daAuts
Depths:4: 800 daAuts
Vaults:5: 731 daAuts
     D:6: 726 daAuts
     D:8: 679 daAuts
   Zot:5: 609 daAuts
   Orc:2: 579 daAuts
 Swamp:4: 559 daAuts
  Lair:2: 555 daAuts
     D:4: 545 daAuts
     D:5: 528 daAuts
